Map: Automaton LE

Players

Smileblind - Winner!

  • Race: Terran Terran
  • League: Silver
  • Spawn Location: 9:00

nick

  • Race: Terran Terran
  • Spawn Location: 3:00

VOD

Have the link to the VOD?

Description

Time

  • Played on: Jan. 16, 2019, 5:07 a.m.
  • Length: 17:56
Show
View Real Time Build Order
Export as new Build Order

Smileblind Terran - Winner!

Build Orders:  

Get SALT Encoding   

  12  0:04  SCV  
  13  0:19  SCV  
  13  0:20  Supply Depot  
  14  0:30  Refinery  
  14  0:43  Supply Depot  
  14  0:45  SCV  
  15  1:04  Refinery  
  15  1:17  Supply Depot  
  15  1:37  Barracks  
  14  1:40  Supply Depot  
  14  1:41  SCV  
  15  1:53  SCV  
  16  2:04  Barracks  
  16  2:05  SCV  
  17  2:12  Refinery  
  17  2:17  SCV  
  18  2:29  SCV  
  19  2:32  Barracks  
  19  2:41  SCV  
  20  2:52  Reaper  
  20  2:53  SCV  
  22  3:06  SCV  
  22  3:09  Factory  
  23  3:18  SCV  
  24  3:20  Reaper  
  24  3:24  Reaper  
  26  3:30  SCV  
  26  3:31  Engineering Bay  
  27  3:49  Orbital Command  
  27  3:52  Factory Tech Lab, Reaper  
  28  3:56  Reaper  
  29  4:05  Supply Depot  
  29  4:23  Terran Infantry Weapons Level 1  
  31  4:39  Bunker  
  31  4:44  Supply Depot  
  31  4:45  Siege Tank  
  31  4:52  Marine x2  
  34  5:10  Marine x2  
  35  5:28  Marine x2  
  33  5:35  Factory  
  33  5:37  Siege Tank  
  33  5:42  Missile Turret  
  36  5:45  Marine  
  36  5:48  Marine  
  38  6:01  Supply Depot  
  38  6:03  Marine  
  39  6:06  Marine  
  39  6:09  Siege Tank  
  39  6:11  Mag-Field Accelerator  
  43  6:21  Marine  
  43  6:22  Hellion  
  46  6:27  Starport  
  46  6:41  Siege Tank  
  51  6:47  Marine x2  
  51  6:53  Factory Tech Lab  
  51  7:05  Terran Infantry Armor Level 1, Marine x2  
  51  7:06  Missile Turret  
  53  7:09  Medivac  
  53  7:13  Siege Tank  
  58  7:23  Marine x2  
  60  7:37  Cyclone  
  63  8:05  Supply Depot  
  63  8:10  Supply Depot  
  63  8:27  Siege Tank, Medivac, Marine x2  
  70  8:44  Marine x2  
  69  9:02  Marine x2  
  71  9:20  Marine x2  
  73  9:38  Marine x2  
  52  11:03  Siege Tank  
  54  11:05  Cyclone  
  54  11:10  Starport Tech Lab  
  57  11:12  Hi-Sec Auto Tracking  
  57  11:15  Marine x2  
  59  11:26  Missile Turret  
  59  11:30  Sensor Tower  
  59  11:32  Marine  
  59  11:33  Marine  
  59  11:35  Siege Tank  
  59  11:37  Cyclone  
  67  11:48  Raven  
  67  11:50  Marine x2  
  67  11:51  Supply Depot  
  71  12:07  Siege Tank  
  72  12:08  Marine x2  
  72  12:09  Cyclone  
  76  12:26  Marine x2  
  78  12:40  Missile Turret  
  78  12:44  Marine  
  78  12:46  Cyclone, Medivac, Marine  
  85  12:58  Command Center  
  85  13:02  Missile Turret, Marine  
  85  13:03  Marine  
  85  13:04  Missile Turret  
  87  13:59  Cyclone  
  87  14:01  Marine x2  
  75  14:18  Marine  
  70  15:10  Raven  
  57  15:53  Raven  
  51  16:59  Marine x2  
  53  17:04  Cyclone  
  54  17:17  Marine x2  
  56  17:35  Marine  
Show
View Real Time Build Order
Export as new Build Order

nick Terran 

Build Orders:  

Get SALT Encoding   

  12  0:19  Supply Depot  
  12  0:24  Refinery  
  12  0:25  SCV  
  13  0:37  SCV  
  14  0:49  SCV  
  15  0:50  Barracks  
  15  1:37  SCV  
  16  1:40  Barracks  
  16  1:42  Marine  
  17  1:49  SCV  
  18  2:00  Marine  
  19  2:01  SCV  
  20  2:27  Refinery  
  20  2:36  Bunker  
  20  2:37  Barracks Tech Lab  
  20  2:39  Barracks Reactor  
  20  2:44  SCV  
  20  2:50  Engineering Bay  
  21  2:56  SCV  
  22  3:08  SCV  
  23  3:20  Combat Shield  
  23  3:42  Missile Turret  
  23  3:51  Supply Depot  
  23  4:00  Supply Depot  
  23  4:12  SCV, Marine x2  
  23  4:14  Marauder  
  28  4:23  Terran Infantry Weapons Level 1  
  28  4:24  SCV  
  28  4:30  Marine x2  
  31  4:35  Marauder  
  31  4:36  SCV  
  34  4:39  Barracks  
  34  4:48  Marine x2  
  34  4:49  SCV  
  37  4:54  Factory  
  37  4:57  Marauder  
  39  5:10  Marine  
  39  5:13  Marine  
  38  5:56  Marine  
  39  6:07  Supply Depot  
  39  6:11  Factory Tech Lab  
  39  6:17  Barracks Reactor  
  39  6:28  Marine x2  
  39  6:29  Marauder, Starport  
  39  6:31  Supply Depot  
  43  6:46  Marine x2  
  45  6:50  Marine, Command Center  
  45  6:53  Siege Tank  
  49  6:57  Supply Depot  
  49  7:00  Supply Depot  
  49  7:04  Marine  
  50  7:09  Starport  
  50  7:12  Starport Tech Lab  
  50  7:20  Terran Infantry Armor Level 1  
  50  7:25  Siege Tank  
  53  7:51  Starport Tech Lab  
  53  8:08  Orbital Command  
  53  8:09  Refinery  
  53  8:11  Orbital Command  
  53  8:18  Supply Depot  
  43  8:46  Banshee x2  
  49  8:49  Cloaking Field  
  49  9:01  SCV  
  50  9:13  SCV  
  51  9:31  Supply Depot  
  46  10:39  SCV  
  38  10:52  SCV  
  38  10:53  Marine x2  
  38  10:55  Marine  
  41  11:11  Marine x2  
  42  11:13  Marine  
  44  11:24  Barracks  
  44  11:31  Marine  
  45  11:33  Supply Depot  
  45  11:34  Factory  
  45  11:49  Marine  
  46  11:57  Supply Depot  
  46  12:06  Marine  
  41  12:19  Supply Depot  
  41  12:27  Starport  
  41  12:31  Starport  
  41  12:33  SCV  
  42  12:40  Refinery  
  42  12:44  Supply Depot  
  42  12:45  SCV  
  43  12:57  SCV  
  44  13:03  Armory  
  44  13:06  Supply Depot  
  44  13:08  Fusion Core  
  44  13:10  Starport Tech Lab  
  44  13:15  Starport  
  44  13:28  Supply Depot  
  43  13:51  Supply Depot  
  43  13:57  Bunker, Starport Tech Lab  
  43  13:59  Marine x2  
  47  14:05  Command Center  
  28  14:17  Battlecruiser  
  28  14:18  Battlecruiser  
  28  14:19  Battlecruiser  
  28  14:22  Orbital Command  
  42  14:52  Supply Depot  
  22  15:20  Refinery  
  8  15:59  SCV  
  8  16:11  SCV  
  9  16:23  SCV  
  10  16:35  SCV  
  11  16:56  Supply Depot  
  11  17:26  SCV  
Tags
 
League
Silver
Matchup
TvT
Race
Terran
Spawn Locations
Cross Positions
Add a new tag
Caveats
  • Supply blocks, unpowered buildings, or Contaminate may cause inaccurate times.
  • Supply counts are checked every 10 seconds.